 Dungeon Crawl Stone Soup version 0.27-a0-1147-gb3d8e82157 (webtiles) character file.

Game seed: 2593426957891298288

464 siradein the Skirmisher (level 7, -5/61 HPs)
             Began as a Hill Orc Fighter on May 11, 2021.
             Slain by Sigmund
             ... wielding a +0 scythe
              (8 damage)
             ... on level 4 of the Dungeon.
             The game lasted 00:13:56 (4963 turns).

siradein the Skirmisher (Hill Orc Fighter)          Turns: 4963, Time: 00:13:57

Health: -5/61      AC:  9    Str: 21    XL:     7   Next: 7%
Magic:  7/7        EV:  9    Int:  8    God:
Gold:   134        SH: 10    Dex: 10    Spells: 6/6 levels left

rFire    . . .     SeeInvis .   a - +0 war axe
rCold    + . .     Faith    .   c - +0 kite shield
rNeg     . . .     Spirit   .   f - +3 leather armour
rPois    .         Reflect  .   i - +0 helmet
rElec    .         Harm     .   l - +0 cloak
rCorr    .         Rampage  .   (no gloves)
Will     .....                  (no boots)
Stlth    +.........             b - amulet of regeneration
HPRegen  1.20/turn              g - ring of protection from cold
MPRegen  0.10/turn              (no ring)

@: no status effects
A: no striking features
a: no special abilities


You were on level 4 of the Dungeon.
You visited 1 branch of the dungeon, and saw 4 of its levels.

You collected 134 gold pieces.

Inventory:

Hand Weapons
 a - a +0 war axe (weapon)
Missiles
 k - 8 atropa-tipped darts (quivered)
Armour
 c - a +0 kite shield (worn)
 f - a +3 leather armour (worn)
 i - a +0 helmet (worn)
 l - a +0 cloak (worn)
Jewellery
 b - an amulet of regeneration (around neck)
 g - a ring of protection from cold (left hand)
Scrolls
 h - 2 scrolls of magic mapping
 m - a scroll of enchant armour {unknown}
 o - a scroll of teleportation {unknown}
 p - a scroll of blinking {unknown}
 q - a scroll of fear {unknown}
Potions
 d - 2 potions of brilliance {unknown}
 e - 2 potions of cancellation
 j - 2 potions of heal wounds
 n - a potion of flight {unknown}
 r - a potion of mutation {unknown}


   Skills:
 + Level 5.6 Fighting
 + Level 5.3 Axes
 + Level 5.1 Armour
 + Level 5.0 Shields


You had 6 spell levels left.
You didn't know any spells.
Your spell library was empty.

Dungeon Overview and Level Annotations

Branches:
Dungeon (4/15)
 Temple: D:4-7

Altars:
Fedhas
Kikubaaqudgha
Okawaru

Shops:
D:2 :

Annotations:
D:3 2 runed translucent doors, MikuNakano's ghost, weakling VSBe
D:4 Sigmund


Message History

Sigmund is severely wounded.
Sigmund points at himself and mumbles some strange words.
Sigmund flickers and vanishes!
Deactivating autopickup; reactivate with Ctrl-A.
You hear some strange, mumbled words.
You are confused.
You're too confused to move!
You bump into the rock wall.
Something hits you but does no damage.
You bump into the rock wall.
Something hits you but does no damage.
You closely miss something. Something hits you!
You miss something.
You feel less confused. Something hits you. Something hits you!
You closely miss something.
You hear some strange, mumbled words.
You are confused.
You bump into the rock wall.
Something hits you but does no damage.
You closely miss something. Something hits you. Something hits you!
You bump into the rock wall.
Something hits you!
You're too confused to move!
Something hits you but does no damage.
You barely miss something.
You feel less confused.
You hear some strange, mumbled words.
A puff of flame appears from out of thin air!
The puff of flame hits you but does no damage.
You hit something but do no damage.
You hear some strange, mumbled words.
Something tries to affect you, but you resist.
You slash something! Something hits you. Something hits you but does no damage.
You barely miss something. Something hits you!
You miss something. Something completely misses you. Something hits you!
* * * LOW HITPOINT WARNING * * *
You closely miss something. Something hits you!
* * * LOW HITPOINT WARNING * * *
You closely miss something. Something hits you!
* * * LOW HITPOINT WARNING * * *
Something hits you.
* * * LOW HITPOINT WARNING * * *
You miss something. Something hits you!
You die...

##### ###.#.#
#.########### #.....###
#...........###.##.....
##..........##.#...
#.########.##..... #@#
#.....### #{# ###.#.###
#........ ........
...#########......
##..# ###.#.. #..#
#.#.. #..# ######.#..
#..# #......#.. #..#
(....<....


There were no monsters in sight!

Vanquished Creatures
  A phantom (D:3)
  A hound (D:4)
  Terence (D:2)
  An iguana (D:4)
  An orc wizard (D:3)
  Robin (D:3)
  7 gnolls (D:4)
  8 adders
  2 adder skeletons (D:4)
  3 worms
  A dart slug (D:1)
  13 orcs (D:3)
  5 ball pythons
  5 bats
  6 endoplasms
  5 giant cockroaches
  18 goblins
  5 hobgoblins
  4 jackals (D:1)
  6 quokkas
  4 frilled lizards (D:1)
  7 kobolds
  7 rats
112 creatures vanquished.

Vanquished Creatures (others)
  10 plants (D:4)
  A withered plant (D:4)
11 creatures vanquished.

Grand Total: 123 creatures vanquished

Notes
Turn   | Place    | Note
-------+----------+-------------------------------------------
     0 | D:1      | siradein the Hill Orc Fighter began the quest for the Orb.
     0 | D:1      | Reached XP level 1. HP: 19/19 MP: 1/1
   407 | D:1      | Reached XP level 2. HP: 27/27 MP: 2/2
   801 | D:1      | Reached XP level 3. HP: 27/33 MP: 3/3
  1470 | D:2      | Found Zoumuat's Book Shoppe.
  1733 | D:2      | Reached XP level 4. HP: 28/40 MP: 4/4
  2495 | D:3      | Noticed Terence
  2843 | D:2      | Killed Terence
  2844 | D:2      | Reached XP level 5. HP: 35/47 MP: 5/5
  3319 | D:3      | Noticed Robin
  3329 | D:3      | Killed Robin
  3660 | D:3      | Noticed a phantom
  3788 | D:3      | Killed a phantom
  3789 | D:3      | Reached skill level 5 in Fighting
  3789 | D:3      | Reached XP level 6. HP: 46/56 MP: 6/6
  4226 | D:3      | Found a runed translucent door.
  4227 | D:3      | Noticed MikuNakano's ghost (weakling VSBe)
  4239 | D:3      | Found a runed translucent door.
  4356 | D:4      | Found an iron altar of Okawaru.
  4459 | D:4      | Found a blossoming altar of Fedhas.
  4463 | D:4      | Found an ancient bone altar of Kikubaaqudgha.
  4480 | D:4      | Reached skill level 5 in Axes
  4655 | D:4      | Reached skill level 5 in Armour
  4696 | D:4      | Reached skill level 5 in Shields
  4703 | D:4      | Reached XP level 7. HP: 61/61 MP: 7/7
  4933 | D:4      | Noticed Sigmund
  4962 | D:4      | HP: 3/61 [something (9)]
  4963 | D:4      | Slain by Sigmund

Illustrated notes

Levels and vault maps discovered:
D:1:      evilmike_arrival_home_sweet_home, layout_loops_corners,
          minmay_liquid_box, st_stairs_3
D:2:      layout_rooms, serial_shops, shop_fountains
D:3:      layout_basic, ebering_ghost_sewer_f, uniq_terence, uniq_robin
D:4:      layout_loops_ring, grunt_temple_overflow_growth_and_decay,
          kennysheep_okawaru_gauntlet, lemuel_coloured_pillars_altar,
          serial_bayou, serial_bayou_pond_d, serial_bayou_lake_a,
          serial_bayou_shore_b, serial_bayou_ford_a, serial_bayou_pond_b,
          glass_columns_a, minivault_5, uniq_natasha, uniq_sigmund

Skill      XL: |  1  2  3  4  5  6 |
---------------+-------------------+-----
Axes           | 3 4 5 |  5.3
Fighting       | 4 5 |  5.6
Armour         | 4 5 |  5.1
Shields        | 4 5 |  5.0

Action                   |  1- 3 |  4- 6 |  7- 9 || total
-------------------------+-------+-------+-------++-------
Melee: War axe           |   126 |   259 |    36 ||   421
  Use: Scroll            |       |     4 |       ||     4
       Potion            |       |     1 |       ||     1
Armor: Leather armour    |    58 |   104 |    15 ||   177
       Scale mail        |     4 |       |       ||     4
Dodge: Dodged            |    48 |    90 |    11 ||   149
Block: Kite shield       |    53 |   139 |     6 ||   198

Table legend: (Time is in decaauts)
 A = Elapsed time spent in this place.
 B = Non-inter-level travel time spent in this place.
 C = Inter-level travel time spent in this place.
 D = Time resting spent in this place.
 E = Time spent auto-exploring this place.
 F = Levels seen in this place.
 G = Mean time per level.
                   A        B        C        D        E       F      G
               +--------+--------+--------+--------+--------+-----+--------+
         Total |   5211 |   5120 |     91 |     63 |   3613 |   4 | 1302.8 |
       Dungeon |   5211 |   5120 |     91 |     63 |   3613 |   4 | 1302.8 |
               +--------+--------+--------+--------+--------+-----+--------+

Top non-repeatable levels by time:
     D:1: 1523 daAuts
     D:2: 1489 daAuts
     D:3: 1483 daAuts
     D:4: 715 daAuts
